 Dungeon Crawl Stone Soup version 0.22.0-78-g6c94d2c (webtiles) character file.

98 MalarOregon the Chopper (level 4, -1/38 HPs)
             Began as a Hill Orc Gladiator on Sept 16, 2018.
             Was a Priest of Uskayaw.
             Slain by a gnoll (5 damage)
             ... on level 3 of the Dungeon.
             The game lasted 00:02:26 (1543 turns).

MalarOregon the Chopper (Hill Orc Gladiator)        Turns: 1543, Time: 00:02:27

Health: -1/38      AC:  4    Str: 16    XL:     4   Next: 69%
Magic:  4/4        EV: 12    Int:  9    God:    Uskayaw [***...]
Gold:   40         SH:  0    Dex: 12    Spells: 3/3 levels left

rFire    . . .     SeeInvis .   a - +0 war axe
rCold    . . .     Gourm    .   (no shield)
rNeg     . . .     Faith    .   b - +0 leather armour
rPois    .         Spirit   .   l - +0 helmet
rElec    .         Reflect  .   (no cloak)
rCorr    .         Harm     .   (no gloves)
MR       .....                  (no boots)
Stlth    +.........             (no amulet)
HPRegen  0.12/turn              (no ring)
MPRegen  0.09/turn              (no ring)

@: no status effects
A: no striking features
a: Stomp, Line Pass, Renounce Religion


You were on level 3 of the Dungeon.
You worshipped Uskayaw.
Uskayaw was noncommittal.
You were not hungry.

You visited 1 branch of the dungeon, and saw 3 of its levels.

You collected 40 gold pieces.

Inventory:

Hand Weapons
 a - a +0 war axe (weapon)
Missiles
 d - 5 throwing nets (quivered)
Armour
 b - a +0 leather armour (worn)
 c - a +0 helmet
 l - a +0 helmet (worn)
Scrolls
 e - a scroll of amnesia {unknown}
 h - a scroll of magic mapping {unknown}
 k - 5 scrolls of remove curse {unknown}
 n - a scroll of enchant armour {unknown}
 o - 3 scrolls of identify {unknown}
 p - a scroll of teleportation {unknown}
 q - a scroll of blinking {unknown}
Potions
 i - a potion of degeneration {unknown}
 j - 2 potions of berserk rage {unknown}
 m - 2 potions of brilliance {unknown}
Comestibles
 f - 4 rations
 g - a chunk of flesh


   Skills:
 * Level 3.5 Fighting
 * Level 4.8 Axes
 + Level 2.2 Throwing
 * Level 2.2 Armour
 + Level 2.7 Dodging
 + Level 0.0 Invocations


You had 3 spell levels left.
You didn't know any spells.
Your spell library was empty.

Dungeon Overview and Level Annotations

Branches:
Dungeon (3/15)

Altars:
Qazlal
Trog
Uskayaw
Zin


Message History

You hit the gnoll. The gnoll hits you.
* * * LOW HITPOINT WARNING * * *
The gnoll hits you with a club.
* * * LOW HITPOINT WARNING * * *
A gnoll comes into view.
The gnoll misses you.
Uskayaw will force your foes to helplessly watch your dance.
Uskayaw prepares the audience for your solo!
You are too injured to fight recklessly!
The helpless gnoll fails to defend itself.
You slash the gnoll!
The gnoll is almost dead.
The helpless gnoll fails to defend itself.
You hit the gnoll.
The hobgoblin is no longer paralysed.
The gnoll is no longer paralysed. x3; The hobgoblin is no longer paralysed.
A leopard gecko comes into view.
The gnoll hits you with a club!
* * * LOW HITPOINT WARNING * * *
The gnoll hits you.
You die...

........... .P≈
.......... .P P
..gg...... .. .#
?........ .#..#
#...).... ....#
##......##....
#......g#†.#
#...g@)#
..............P≈
.......(......PP
...$..........P≈
.##≈≈≈≈≈##....≈≈
#≈≈≈≈≈# ..)g.≈
≈≈.....≈ .....≈
≈≈.....≈ ....l.


You could see 3 gnolls, a leopard gecko (wandering) and 2 hobgoblins.

Vanquished Creatures
  4 adders (D:2)
  An ooze (D:2)
  2 worms
  3 dart slugs (D:1)
  A leopard gecko (D:1)
  2 giant cockroaches
  6 hobgoblins
  2 ball pythons (D:1)
  8 bats
  A frilled lizard (D:1)
  10 goblins
  4 kobolds
  4 rats
48 creatures vanquished.

Notes
Turn   | Place    | Note
-------+----------+-------------------------------------------
     0 | D:1      | MalarOregon the Hill Orc Gladiator began the quest for the
                  | Orb.
     0 | D:1      | Reached XP level 1. HP: 18/18 MP: 1/1
    89 | D:1      | Reached XP level 2. HP: 16/25 MP: 2/2
   274 | D:1      | Reached skill level 1 in Armour
   428 | D:1      | Reached XP level 3. HP: 26/30 MP: 3/3
  1241 | D:2      | Reached XP level 4. HP: 31/38 MP: 4/4
  1444 | D:2      | Found a hide-covered altar of Uskayaw.
  1445 | D:2      | Found a stormy altar of Qazlal.
  1445 | D:2      | Found a bloodstained altar of Trog.
  1449 | D:2      | Found a glowing silver altar of Zin.
  1457 | D:2      | Became a worshipper of Uskayaw the Reveler
  1535 | D:3      | Reached * piety under Uskayaw
  1540 | D:3      | Reached ** piety under Uskayaw
  1542 | D:3      | Reached *** piety under Uskayaw
  1543 | D:3      | Slain by a gnoll

Skill      XL: |  1  2  3  4 |
---------------+-------------+-----
Armour         | 1 2 |  2.2
Throwing       | 2 |  2.2
Fighting       | 3 |  3.5
Axes           | |  4.8
Dodging        | |  2.7

Action                   |  1- 3 |  4- 6 || total
-------------------------+-------+-------++-------
Melee: War axe           |   108 |    35 ||   143
 Stab: Sleeping          |     1 |       ||     1
       Paralysed         |       |     2 ||     2
  Eat: Chunk             |     1 |     1 ||     2
Armor: Leather armour    |    28 |    15 ||    43
Dodge: Dodged            |    81 |    37 ||   118
